 Dungeon Crawl Stone Soup version 0.31-a0-925-g0a390f2509 (webtiles) character file.

Game seed: 17936095322478012805

42793 jasper the Geomancer (level 12, -4/76 HPs)
             Began as a Deep Elf Conjurer on Oct 18, 2023.
             Was the Champion of Ru.
             Killed by divine providence
             ... invoked by an orc priest
              (7 damage)
             ... while petrified by Jorgrun
             ... on level 1 of the Orcish Mines on Oct 19, 2023.
             The game lasted 00:40:43 (15027 turns).

jasper the Geomancer (Deep Elf Conjurer)           Turns: 15027, Time: 00:40:44

Health: -4/76      AC: 11    Str:  4    XL:     12   Next: 87%
Magic:  4/31       EV:  2    Int: 35    God:    Ru [******]
Gold:   552        SH:  0    Dex: 13    Spells: 10/38 levels left

rFire   . . .        D - staff of earth
rCold   . . .        (no shield)
rNeg    + + +        J - +2 leather armour {rPois}
rPois   ∞            U - +1 helmet {SInv}
rElec   .            M - +1 cloak
rCorr   +            a - +0 pair of gloves
SInv    +            y - +0 pair of boots
Will    +....        m - amulet of magic regeneration Stlth
                     u - ring of resist corrosion
HPRegen 0.32/turn    v - +6 ring of intelligence
MPRegen 0.62/turn

%: inaccuracy (-5)
@: exhausted, petrified, invisible
A: screaming 1, no stealth, inability to use devices, inability to train armour,
inexperienced 1, missing an eye
a: Renounce Religion, Draw Out Power, Power Leap, Apocalypse


You were on level 1 of the Orcish Mines.
You worshipped Ru.
Ru was exalted by your worship.
You visited 3 branches of the dungeon, and saw 17 of its levels.
You also visited: Sewer and Ossuary.

You collected 942 gold pieces.
You spent 390 gold pieces at shops.

Inventory:

Missiles
 j - 44 poisoned darts
 K - 2 curare-tipped darts
 W - 3 throwing nets
Armour
 a - a +0 pair of gloves (worn)
 o - a +1 leather armour of fire resistance
 r - a +1 robe of cold resistance
 y - a +0 pair of boots (worn)
 J - a +2 leather armour of poison resistance (worn)
 L - a +0 kite shield
 M - a +1 cloak (worn)
 P - an orb of mayhem
 U - a +1 helmet of see invisible (worn)
Magical Staves
 D - a staff of earth (weapon)
Jewellery
 c - a ring of ice
 i - a +5 ring of evasion
 l - a +6 ring of strength
 m - an amulet of magic regeneration (around neck)
 s - a ring of magical power
 t - a ring of protection from fire
 u - a ring of resist corrosion (left hand)
 v - a +6 ring of intelligence (right hand)
 w - a ring of positive energy
 E - a ring of see invisible
 S - a ring of flight
 V - an amulet of the acrobat
Wands
 f - a wand of charming (38)
Scrolls
 d - 5 scrolls of amnesia
 p - 6 scrolls of teleportation
 q - 2 scrolls of immolation
 C - 4 scrolls of enchant weapon
 H - 2 scrolls of poison
 I - 4 scrolls of fog
 N - 2 scrolls of blinking
 Q - a scroll of fear
 R - a scroll of silence
 X - a scroll of revelation
Potions
 b - 2 potions of magic
 e - 6 potions of haste
 g - 5 potions of curing
 h - a potion of berserk rage
 k - a potion of invisibility
 n - 2 potions of might
 x - 3 potions of heal wounds
 z - 2 potions of cancellation
 A - 7 potions of ambrosia
 B - 2 potions of degeneration {unknown}
 F - a potion of brilliance {unknown}
 G - 7 potions of mutation {unknown}
 O - 3 potions of attraction {unknown}
 T - 2 potions of enlightenment {unknown}
 Y - a potion of resistance {unknown}


   Skills:
 + Level 9.2 Fighting
 + Level 13.1 Dodging
 + Level 13.6 Spellcasting
 - Level 7.0 Conjurations
 - Level 5.0 Hexes
 - Level 3.0 Summonings
 - Level 4.0 Translocations
 - Level 3.0 Ice Magic
 - Level 4.0 Air Magic
 * Level 14.1 Earth Magic


You had 10 spell levels left.
You knew the following spells:

 Your Spells              Type           Power      Damage    Failure   Level
a - Magic Dart            Conj           100%       1d8       1%          1
b - Searing Ray           Conj           100%       2d8       1%          2
c - Fulminant Prism       Conj/Hex       30%        3d16      2%          4
d - Iskenderun's Mystic   Conj/Tloc      58%        2d12      3%          4
e - Summon Lightning Spi  Summ/Air       48%        N/A       8%          4
f - Lee's Rapid Deconstr  Erth           55%        3d26*     1%          5
g - Mephitic Cloud        Conj/Pois/Air  49%        N/A       1%          3
h - Freezing Cloud        Conj/Ice/Air   27%        6-21      13%         5

Your spell library contained the following spells:

 Spells                   Type           Power      Damage    Failure   Level
 Poisonous Vapours        Pois/Air       74%        N/A       1%          2
 Dazzling Flash           Conj/Hex       100%       N/A       1%          3
 Animate Armour           Summ/Erth      100%       N/A       1%          4
 Brom's Barrelling Bould  Conj/Erth      98%        2d11      1%          4
 Iskenderun's Battlesphe  Conj           64%        2d11      4%          5
 Silence                  Hex/Air        26%        N/A       14%         5
 Fireball                 Conj/Fire      24%        3d11      21%         5
 Conjure Ball Lightning   Conj/Air       29%        3x3d8     45%         6
 Agony                    Necr           23%        N/A       65%         5
 Orb of Destruction       Conj           32%        9d10      83%         7


Dungeon Overview and Level Annotations

Branches:
Dungeon (12/15)            Temple (0/1) D:6            Lair (4/5) D:11
 Shoals (0/4) Lair:2       Spider (0/4) Lair:2          Orc (1/2) D:11
  Sewer (visited)         Ossuary (visited)
  Slime: Lair:4-5

Altars:
Fedhas
Gozag
Nemelex Xobeh
Ru
Xom
Zin

Shops:
D:7 [

Portals:
Trove: D:10 (give 17 scrolls of teleportation)

Annotations:
D:7 1 runed translucent door, Crazy Yiuf
Lair:1 2 transporters
Lair:4 exclusion: 4 oklob plants


Innate Abilities, Weirdness & Mutations

You occasionally shout uncontrollably at your foes.
You cannot be stealthy.
You cannot study or use magical devices.
You cannot train Armour skill.
You are somewhat inexperienced. (-1 XL)
You are missing an eye, making it more difficult to aim.


Message History

You fade into invisibility!
Your lightning spire is engulfed in freezing vapours.
Your lightning spire shoots out a bolt of lightning at Jorgrun!
The bolt of electricity misses you.
The bolt of electricity hits Jorgrun!
Jorgrun gestures at your lightning spire while chanting.
Your limbs have turned to stone.
A troll comes into view.
You have turned to stone.
The troll shouts!
An orc priest comes into view. It is wielding a +0 club.
Your lightning spire is engulfed in freezing vapours.
Your lightning spire shoots out a bolt of lightning at Jorgrun!
The bolt of electricity misses you.
The bolt of electricity hits Jorgrun!!
An orc warrior comes into view. It is wielding a +0 mace.
The orc priest shouts!
The troll shouts!
The orc warrior shouts!
Your lightning spire shoots out a bolt of lightning at Jorgrun!
The bolt of electricity hits you!
The bolt of electricity hits Jorgrun.
The troll shouts!
The orc priest shouts!
The troll shouts!
Jorgrun gestures at your lightning spire while chanting.
The iron shot hits you!!!
* * * LOW HITPOINT WARNING * * *
An orc priest comes into view. It is wielding a +0 short sword.
Your lightning spire is engulfed in freezing vapours.
Your lightning spire shoots out a bolt of lightning at Jorgrun!
The bolt of electricity hits you!
* * * LOW HITPOINT WARNING * * *
The bolt of electricity hits Jorgrun!!
Jorgrun dies!
An orc comes into view. It is wielding a +0 whip.
An orc wizard comes into view. It is wielding a +0 dagger.
Your life force feels restored.
The troll shouts!
The orc wizard shouts!
The orc warrior shouts!
Your lightning spire is engulfed in freezing vapours.
Your lightning spire shoots out a bolt of lightning at the troll!
The bolt of electricity hits the troll!
An ogre comes into view. It is wielding a +0 giant club.
The orc priest mumbles some strange prayers to Beogh against you.
Beogh smites you!
You die...

...§. ....>.o .
..○§# ....o..
..#§§§.#.......
...☼§§...§°§...
.........°§§)..
..$§§○...§§§...
....§§.)§......
..)○○8.@..)....
...............
..§○§.§§.).##.$
..§°.$°§§.T..
..○.§.○§§......
...)##.)....o$.
...# .........#
... .....o..Oo


You could see an orc knight (paralysed), a troll (unable to see you, ally
target), an orc sorcerer (strong), an orc warrior (strong, unable to see you),
an ogre (wandering, unable to see you), 2 orc priests and a friendly lightning
spire (summoned).

Vanquished Creatures
  Harold (D:10)
  A hydra (Lair:2)
  4 death yaks (Lair:4)
  Nergalle (Orc:1)
  Amaemon (Lair:1)
  A lindwurm (Lair:4)
  Pikel (D:5)
  3 cyclopes (D:11)
  2 black mambas
  An elephant (Lair:4)
  Maggie (D:10)
  10 cane toads
  An orange demon (Lair:1)
  5 komodo dragons
  Jeremiah (D:8)
  2 hornets
  4 merfolk (Lair:2)
  A queen bee (Lair:4)
  2 polar bears
  3 meliai (Lair:4)
  17 blink frogs
  Grinder (D:4)
  A jumping spider (Lair:2)
  4 culicivoras (Lair:2)
  A vampire (D:11)
  3 wraiths
  39 yaks
  10 wyverns
  3 steam dragons
  Eustachio (D:6)
  Grum (D:10)
  2 redbacks (Lair:2)
  4 basilisks
  2 wargs (Orc:1)
  2 vampire mosquitoes (D:11)
  Duvessa (D:5)
  An acid dragon (D:10)
  11 water moccasins
  An ice beast (D:6)
  5 black bears
  A sky beast (D:7)
  6 orc warriors
  6 ogres
  20 wolves
  3 centaurs
  2 elf zombies (Ossuary)
  8 bullfrogs
  5 kobold brigands
  4 scorpions
  Dowan (D:5)
  46 killer bees
  6 howler monkeys
  A human zombie (Ossuary)
  2 quasits (Sewer)
  9 orc priests
  3 jellies
  4 hounds
  2 sleepcaps
  Jessica (D:3)
  An iguana (D:11)
  Ijyb (D:3)
  Natasha (thrice) (D:3)
  14 orc wizards
  3 hell rats (Lair:4)
  A centaur simulacrum (D:9)
  A hound zombie (Ossuary)
  4 mummies (Ossuary)
  A gnoll (D:1)
  8 adders
  2 river rats (D:6)
  4 shadow imps
  3 white imps (D:9)
  A howler monkey simulacrum (D:9)
  5 ufetubi (Sewer)
  An adder zombie (Sewer)
  5 worms
  2 dart slugs
  42 orcs
  11 bats
  2 bat zombies (Sewer)
  8 endoplasms
  3 giant cockroaches
  A gnoll zombie (Ossuary)
  7 goblins
  7 hobgoblins
  36 kobolds
  5 quokkas
  6 ball pythons
  2 frilled lizards
  A goblin zombie (Ossuary)
  A hobgoblin zombie (Ossuary)
  A jackal zombie (Ossuary)
  3 kobold zombies
  An orc zombie (Ossuary)
  8 rats
  A rat zombie (Ossuary)
  A butterfly (Lair:1)
493 creatures vanquished.

Vanquished Creatures (collateral kills)
  Jorgrun (Orc:1)
  Fannar (Lair:2)
  2 elephants (Lair:4)
  A cane toad (Lair:3)
  A rime drake (Lair:2)
  A komodo dragon (Lair:3)
  A wyvern (Lair:4)
  A water moccasin (Lair:4)
  An orc warrior (Orc:1)
  A bullfrog (Lair:4)
  5 killer bees (Lair:4)
  3 hell rats (Lair:4)
  A nameless horror (D:9)
  An orc (D:9)
21 creatures vanquished.

Vanquished Creatures (others)
  A shadow (D:10)
  A howler monkey (D:9)
  A jelly (D:6)
  21 fulminant prisms
24 creatures vanquished.

Grand Total: 538 creatures vanquished

Notes
Turn   | Place    | Note
-------+----------+-------------------------------------------
     0 | D:1      | jasper the Deep Elf Conjurer began the quest for the Orb.
     0 | D:1      | Reached XP level 1. HP: 10/10 MP: 6/6
   229 | D:1      | Reached XP level 2. HP: 15/15 MP: 6/9
   232 | D:1      | Learned a level 2 spell: Searing Ray
   402 | D:1      | Found a faded altar of an unknown god.
   415 | D:1      | Prayed at the altar of an unknown god.
   415 | D:1      | Became a worshipper of Ru the Awakened
   498 | D:1      | Reached XP level 3. HP: 19/19 MP: 0/11
   680 | D:1      | Reached skill level 5 in Spellcasting
  1445 | D:2      | Reached XP level 4. HP: 24/24 MP: 10/14
  1450 | D:2      | Learned a level 4 spell: Fulminant Prism
  1455 | D:2      | Learned a level 4 spell: Iskenderun's Mystic Blast
  1820 | D:3      | Noticed Natasha
  1830 | D:3      | Killed Natasha
  1831 | D:3      | Reached skill level 1 in Hexes
  1831 | D:3      | Reached skill level 1 in Translocations
  1897 | D:3      | Noticed Ijyb
  1915 | D:3      | Killed Ijyb
  1931 | D:3      | Noticed Natasha
  1933 | D:3      | Killed Natasha
  1934 | D:3      | Reached XP level 5. HP: 28/28 MP: 12/15
  2054 | D:3      | Noticed Jessica
  2058 | D:3      | Killed Jessica
  2230 | D:3      | Noticed Natasha
  2235 | D:3      | Killed Natasha
  2318 | D:3      | Found a glowing silver altar of Zin.
  2388 | D:4      | Noticed an ogre
  2426 | D:4      | Gained mutation: You cannot study or use magical devices.
                  | [Ru sacrifice]
  2426 | D:4      | Reached * piety under Ru
  2426 | D:4      | Reached ** piety under Ru
  2443 | D:4      | Noticed a black bear
  2457 | D:4      | Killed a black bear
  2458 | D:4      | Reached XP level 6. HP: 32/32 MP: 11/17
  2882 | D:4      | Reached skill level 5 in Hexes
  2882 | D:4      | Reached skill level 5 in Conjurations
  3049 | D:4      | Found a sparkling altar of Nemelex Xobeh.
  3106 | D:4      | Noticed Grinder
  3111 | D:4      | Paralysed by Grinder for 3 turns
  3115 | D:4      | Killed Grinder
  3116 | D:4      | Reached XP level 7. HP: 21/36 MP: 9/18
  3350 | D:5      | Entered Level 5 of the Dungeon
  3364 | D:5      | Found a blossoming altar of Fedhas.
  3387 | D:5      | Reached skill level 1 in Fighting
  3460 | D:5      | Reached XP level 8. HP: 43/44 MP: 17/20
  3504 | D:5      | Identified the +2 ring mail "Saptoiki" {+Inv rCorr Str-5
                  | Slay+4}
  3539 | D:5      | Noticed Dowan
  3539 | D:5      | Noticed Duvessa
  3542 | D:5      | Killed Dowan
  3545 | D:5      | Killed Duvessa
  3700 | D:5      | Noticed Pikel
  3710 | D:5      | Killed Pikel
  3711 | D:5      | Reached skill level 5 in Dodging
  4114 | D:6      | Found a glowing drain.
  4122 | Sewer    | Entered a sewer
  4260 | Sewer    | Found a burning altar of Makhleb.
  4281 | Sewer    | Reached XP level 9. HP: 42/52 MP: 13/23
  4379 | Sewer    | Gained mutation: You are somewhat inexperienced. (-1 XL)
                  | [Ru sacrifice]
  4379 | Sewer    | Reached XP level 8. HP: 48/48 MP: 22/22
  4379 | Sewer    | Reached *** piety under Ru
  4758 | D:6      | Found a staircase to the Ecumenical Temple.
  4886 | D:6      | Identified the +0 robe of Courage {-Tele rElec Str+3 Dex+4}
  4956 | D:6      | Noticed Eustachio
  4965 | D:6      | Killed Eustachio
  5118 | D:6      | Learned a level 4 spell: Summon Lightning Spire
  5293 | D:7      | Reached skill level 1 in Summonings
  5293 | D:7      | Reached skill level 1 in Air Magic
  5433 | D:7      | Reached skill level 10 in Spellcasting
  5575 | D:7      | Found Rekken's Antique Armour Emporium.
  5581 | D:7      | Bought a runed cloak for 195 gold pieces
  5651 | D:7      | Learned a level 5 spell: Lee's Rapid Deconstruction
  5691 | D:7      | Reached skill level 1 in Earth Magic
  5696 | D:7      | Reached skill level 2 in Earth Magic
  5810 | D:7      | Reached skill level 5 in Fighting
  5938 | D:7      | Found a runed translucent door.
  5939 | D:7      | Noticed Crazy Yiuf
  6106 | D:8      | Reached skill level 3 in Earth Magic
  6106 | D:8      | Reached XP level 9. HP: 48/54 MP: 20/25
  6147 | D:8      | Found a sand-covered staircase.
  6147 | D:8      | Noticed Jeremiah
  6153 | D:8      | Killed Jeremiah
  6175 | Ossuary  | Entered an ossuary
  6198 | Ossuary  | Reached skill level 4 in Earth Magic
  6588 | D:8      | Gained mutation: You occasionally shout uncontrollably at
                  | your foes. [Ru sacrifice]
  6588 | D:8      | Reached **** piety under Ru
  6670 | D:8      | You fall into a shaft and drop 3 floors!
  6699 | D:11     | Found a staircase to the Orcish Mines.
  6707 | D:11     | Noticed a cyclops
  6766 | D:11     | Noticed a cyclops
  6770 | D:11     | Killed a cyclops
  6771 | D:11     | Reached skill level 5 in Earth Magic
  6890 | D:11     | Reached skill level 6 in Earth Magic
  7077 | D:11     | Reached skill level 7 in Earth Magic
  7147 | D:11     | Found a staircase to the Lair.
  7172 | D:11     | Reached XP level 10. HP: 61/61 MP: 4/26
  7332 | D:11     | Reached skill level 8 in Earth Magic
  7373 | D:11     | Learned a level 3 spell: Mephitic Cloud
  7598 | D:10     | Entered Level 10 of the Dungeon
  7598 | D:10     | Noticed Maggie
  7602 | D:10     | Killed Maggie
  7943 | D:7      | Bought a shiny helmet for 195 gold pieces
  7989 | D:9      | Reached skill level 10 in Dodging
  8020 | D:9      | Learned a level 5 spell: Freezing Cloud
  8102 | D:9      | Reached skill level 1 in Ice Magic
  8131 | D:9      | Gained mutation: You cannot train Armour skill. [Ru
                  | sacrifice]
  8131 | D:9      | Reached ***** piety under Ru
  8891 | D:10     | Found a portal to a secret trove of treasure.
  8974 | D:10     | Noticed Grum
  8984 | D:10     | Killed Grum
  9087 | D:10     | Found a shimmering altar of Xom.
  9088 | D:10     | Found an opulent altar of Gozag.
  9271 | D:10     | Reached skill level 9 in Earth Magic
  9547 | D:10     | Noticed Harold
  9567 | D:10     | Killed Harold
  9965 | Lair:1   | Entered Level 1 of the Lair of Beasts
 10015 | Lair:1   | Found a transporter.
 10017 | Lair:1   | Noticed a boulder beetle
 10020 | Lair:1   | Found a transporter.
 10020 | Lair:1   | Noticed a boulder beetle
 10087 | Lair:1   | Noticed Amaemon
 10107 | Lair:1   | Killed Amaemon
 10114 | Lair:1   | HP: 1/63 [komodo dragon (31)]
 10358 | Lair:1   | Reached skill level 10 in Earth Magic
 10418 | Lair:1   | Reached XP level 11. HP: 67/67 MP: 17/27
 10845 | Lair:1   | Identified the +0 leather armour "Zueshregge" {rPois rF-
                  | Will+}
 11149 | Lair:1   | Gained mutation: You cannot be stealthy. [Ru sacrifice]
 11299 | Lair:2   | Noticed a five-headed hydra
 11301 | Lair:2   | Reached skill level 11 in Earth Magic
 11305 | Lair:2   | Killed a five-headed hydra
 11388 | Lair:2   | Noticed Fannar
 11447 | Lair:2   | Killed Fannar
 11749 | Lair:2   | Found a staircase to the Shoals.
 11820 | Lair:2   | Reached skill level 12 in Earth Magic
 11837 | Lair:2   | Found a hole to the Spider Nest.
 12305 | Lair:2   | Reached XP level 12. HP: 75/75 MP: 20/30
 13565 | Lair:4   | Reached skill level 13 in Earth Magic
 13580 | Lair:4   | Gained mutation: You are missing an eye, making it more
                  | difficult to aim. [Ru sacrifice]
 13580 | Lair:4   | Reached ****** piety under Ru
 15011 | Orc:1    | Entered Level 1 of the Orcish Mines
 15014 | Orc:1    | Noticed Nergalle
 15016 | Orc:1    | Noticed Jorgrun
 15022 | Orc:1    | Killed Nergalle
 15023 | Orc:1    | Reached skill level 14 in Earth Magic
 15026 | Orc:1    | HP: 3/69 [lightning spire/bolt of electricity[the player
                  | character] (4)]
 15026 | Orc:1    | Killed Jorgrun
 15027 | Orc:1    | Killed from afar by an orc priest

Illustrated notes

Levels and vault maps discovered:
D:1:      ldierk_walled_garden_2, layout_rooms,
          dreamdust_ecumenical_altar_statues, minmay_misc_feat_doors
D:2:      layout_rooms, minmay_misc_feat_cross, st_stairs_9
D:3:      layout_rooms, zin_treasury, minmay_distorted, uniq_jessica,
          uniq_natasha, uniq_ijyb
D:4:      layout_gridville, nemelex_dance_club_becter, minmay_misc_feat_plants,
          nrook_mini_vaults, serial_bayou_lagoon_a, uniq_grinder
D:5:      layout_rooms, lemuel_doored_altar, due_unseen_surprise, uniq_pikel,
          uniq_duvessa
D:6:      layout_loops_ring, minmay_temple_entry_poolview,
          gup_sewer_entry_bubbles, uniq_eustachio
D:7:      layout_loops_ring, serial_shops, nicolae_shop_stone,
          uniq_crazy_yiuf_cottage
D:8:      layout_rooms, enter_ossuary_5, uniq_jeremiah
D:9:      layout_cave_pools, serial_ice, serial_ice_b, serial_ice_g,
          serial_ice_n, serial_ice_e
D:10:     layout_cave_pods, gammafunk_temple_overflow_statue, enter_trove_2,
          uniq_maggie, uniq_grum, uniq_harold
D:11:     layout_loops_cross, minmay_lair_entry_grove, david_orc_5,
          corexii_leaking_fountain
D:12:     layout_rooms, serial_shops, kennysheep_mini_moat
Lair:1:   gammafunk_boulding_lane, layout_loops_ring, grunt_megastairs_1,
          lemuel_fruit_fields, uniq_amaemon
Lair:2:   layout_roguey, elwin_shoals_entry_stream,
          nicolae_spider_entry_tight_spaces, uniq_fannar
Lair:3:   layout_roguey, nicolae_lair_grazing_beasts
          [nicolae_sub_lair_graze_edge, nicolae_sub_lair_graze_edge,
          nicolae_sub_lair_graze_edge, nicolae_sub_lair_graze_edge],
          lemuel_fruit_tree
Lair:4:   hangedman_what_comes_after_a, layout_regular_city
Orc:1:    layout_diamond_mine, serial_shops, kennysheep_orc_sif_temple,
          uniq_maurice, uniq_nergalle, uniq_jorgrun

Skill      XL: |  1  2  3  4  5  6  7  8  9 10 11 12 |
---------------+-------------------------------------+-----
Spellcasting   | 4 6 7 10 12 13 | 13.6
Hexes          | 2 4 5 |  5.0
Translocations | 2 3 4 |  4.0
Conjurations   | 6 7 |  7.0
Dodging        | 4 7 9 10 12 13 | 13.1
Fighting       | 1 5 6 7 8 9 |  9.2
Summonings     | 3 |  3.0
Air Magic      | 3 4 |  4.0
Earth Magic    | 3 7 10 12 14 | 14.1
Ice Magic      | 3 |  3.0
Stealth        | 0 |  0.0

Action                     |  1- 3 |  4- 6 |  7- 9 | 10-12 || total
---------------------------+-------+-------+-------+-------++-------
  Melee: Unarmed           |     4 |       |       |       ||     4
         Club              |     4 |       |       |       ||     4
         Quarterstaff      |       |     1 |     1 |       ||     2
         Whip              |       |       |    57 |    23 ||    80
         Punch             |       |       |     1 |     1 ||     2
         Demon whip        |       |       |       |    15 ||    15
         Staff             |       |       |       |    13 ||    13
  Throw: Stone             |     4 |       |       |       ||     4
   Cast: Magic Dart        |    85 |    55 |   153 |   103 ||   396
         Searing Ray       |     7 |    13 |    49 |    28 ||    97
         Fulminant Prism   |       |     1 |    13 |     7 ||    21
         Iskenderun's Myst |       |     4 |    30 |    75 ||   109
         Lee's Rapid Decon |       |       |    34 |   176 ||   210
         Freezing Cloud    |       |       |       |    26 ||    26
         Summon Lightning  |       |       |       |    14 ||    14
         Mephitic Cloud    |       |       |       |     4 ||     4
 Invoke: Reject Sacrifices |     1 |       |       |       ||     1
         Sacrifice Artific |       |     1 |       |       ||     1
         Sacrifice Experie |       |       |     1 |       ||     1
         Draw Out Power    |       |       |     2 |     5 ||     7
         Sacrifice Purity  |       |       |     1 |       ||     1
         Sacrifice Durabil |       |       |       |     1 ||     1
         Sacrifice Stealth |       |       |       |     1 ||     1
         Apocalypse        |       |       |       |     1 ||     1
         Sacrifice an Eye  |       |       |       |     1 ||     1
    Use: Scroll            |     9 |       |     4 |    10 ||    23
         Potion            |       |       |       |     5 ||     5
   Stab: Sleeping          |       |       |     1 |       ||     1
         Paralysed         |       |       |       |     5 ||     5
         Invisible         |       |       |       |     1 ||     1
         Confused          |       |       |       |     1 ||     1
 Armour: Robe              |     3 |     9 |    80 |   104 ||   196
         Leather armour    |       |       |       |     9 ||     9
  Dodge: Dodged            |     7 |    14 |   124 |   134 ||   279

Table legend: (Time is in decaauts)
 A = Elapsed time spent in this place.
 B = Non-inter-level travel time spent in this place.
 C = Inter-level travel time spent in this place.
 D = Time resting spent in this place.
 E = Time spent auto-exploring this place.
 F = Levels seen in this place.
 G = Mean time per level.
                   A        B        C        D        E       F      G
               +--------+--------+--------+--------+--------+-----+--------+
         Total |  15086 |  14588 |    498 |    881 |  11038 |  19 |  794.0 |
       Dungeon |   9576 |   9300 |    276 |    333 |   7303 |  12 |  798.0 |
          Lair |   5016 |   4795 |    221 |    548 |   3426 |   4 | 1254.0 |
  Orcish Mines |     16 |     16 |      0 |      0 |      0 |   1 |   16.0 |
         Sewer |    270 |    270 |      0 |      0 |    164 |   1 |  270.0 |
       Ossuary |    205 |    205 |      0 |      0 |    144 |   1 |  205.0 |
               +--------+--------+--------+--------+--------+-----+--------+

Top non-repeatable levels by time:
  Lair:1: 1470 daAuts
  Lair:4: 1298 daAuts
  Lair:2: 1204 daAuts
    D:10: 1167 daAuts
    D:11: 1118 daAuts
  Lair:3: 1042 daAuts
     D:2: 995 daAuts
     D:4: 978 daAuts
     D:6: 824 daAuts
     D:1: 805 daAuts
     D:7: 793 daAuts
     D:5: 786 daAuts
     D:8: 765 daAuts
     D:9: 764 daAuts
     D:3: 575 daAuts
